AoeStats
← Reis

MegaRandom

506915042Analyzed
4v4 RM · 17d ago on Sep 15, 2026· 43m 11s· 8 players
Game mode
Random Map
Map size
Large (8 player)
Population
200
Speed
Normal
Resources
Standard
Victory
Conquest
Starting age
Dark Age
Ending age
Imperial Age
RankedLock teamsTeams togetherTeam positionsShared explorationLock speedFull tech treeHidden civsTurbo modeCheats
Victory
Defeat
🇨🇭 Magyars · Switzerland
1346
+13
🇨🇳 Georgians · China
1342
+13
🇦🇷 Turks · Argentina
1297
+15
🇨🇦 Portuguese · Canada
1278
+15
🇦🇷 Jurchens · Argentina
1317
-16
🇦🇷 Mongols · Argentina
1295
-15
🇦🇷 Italians · Argentina
1279
-14
🇦🇷 Maya · Argentina
1191
-11
NotGG
5:22 Loom
8:48 Feudal Age
9:18 Double-Bit Axe
15:50 Castle Age
15:19 Town Watch
26:13 Horse Collar
33:23 Imperial Age
31:01 Fletching
32:46 Town Patrol
33:22 Wheelbarrow
33:23 Bow Saw
33:54 Elite Janissary
38:21 Conscription
39:15 Ballistics
39:59 Masonry
Schvank
12:44 Loom
14:36 Feudal Age
19:10 Castle Age
18:41 Gold Mining
23:43 Imperial Age
21:46 Stone Mining
23:29 Double-Bit Axe
28:37 Wheelbarrow
29:20 Hand Cart
31:16 Stone Shaft Mining
32:35 Conscription
32:54 Circumnavigation
32:58 Arquebus
33:55 Padded Archer Armor
33:28 Elite Organ Gun
34:38 Scale Mail Armor
35:33 Chain Mail Armor
35:33 Leather Archer Armor
36:46 Chemistry
39:59 Scale Barding Armor
41:31 Siege Engineers
myth大帝110110110
4:41 Loom
9:59 Feudal Age
14:53 Castle Age
13:48 Double-Bit Axe
14:46 Stone Mining
16:24 Bow Saw
23:59 Horse Collar
24:55 Heavy Plow
28:31 Wheelbarrow
31:02 Hand Cart
30:28 Elite Skirmisher
34:01 Imperial Age
32:52 Squires
32:38 Arson
33:04 Fletching
33:16 Padded Archer Armor
34:04 Bodkin Arrow
35:17 Conscription
35:05 Svan Towers
37:25 Chemistry
36:46 Ballistics
36:08 Treadmill Crane
37:33 Siege Engineers
37:58 Ballistics
38:30 Aznauri Cavalry
39:28 Bracer
39:46 Leather Archer Armor
40:23 Bloodlines
40:13 Husbandry
39:35 Light Cavalry
40:37 Cavalier
40:56 Hussar
Reis
10:29 Feudal Age
11:13 Loom
15:45 Castle Age
14:16 Double-Bit Axe
25:31 Bow Saw
25:04 Horse Collar
29:57 Wheelbarrow
31:11 Heavy Plow
31:34 Hand Cart
35:34 Imperial Age
33:00 Fletching
33:11 Padded Archer Armor
33:35 Bodkin Arrow
33:43 Husbandry
34:19 Gold Mining
36:04 Thumb Ring
35:36 Heavy Cavalry Archer
37:03 Leather Archer Armor
36:54 Recurve Bow
37:14 Conscription
38:08 Gold Shaft Mining
38:56 Two-Man Saw
39:21 Chemistry
39:13 Ring Archer Armor
38:43 Bracer
39:12 Bracer
39:35 Ballistics
40:03 Parthian Tactics
40:38 Scale Barding Armor
41:53 Heated Shot
ouroboros
10:23 Feudal Age
12:35 Loom
15:09 Castle Age
13:01 Double-Bit Axe
13:34 Fletching
15:54 Bodkin Arrow
16:07 Gold Mining
18:47 Husbandry
20:08 Bloodlines
20:21 Horse Collar
24:14 Ballistics
25:28 Wheelbarrow
25:12 Town Watch
26:07 Bow Saw
26:25 Padded Archer Armor
27:50 Leather Archer Armor
29:02 Hand Cart
33:29 Imperial Age
31:18 Stone Mining
31:38 Thumb Ring
33:49 Stone Shaft Mining
34:42 Bracer
35:44 Chemistry
36:00 Parthian Tactics
35:35 Heavy Cavalry Archer
37:21 Gold Shaft Mining
37:42 Conscription
38:08 Drill
38:01 Onager
42:04 Elite Mangudai
Electric Warrior
6:50 Loom
10:24 Feudal Age
10:56 Double-Bit Axe
14:11 Forging
14:35 Bloodlines
20:27 Castle Age
21:10 Stone Mining
22:33 Fletching
23:14 Horse Collar
28:00 Padded Archer Armor
30:53 Bow Saw
32:28 Gold Mining
33:31 Heavy Plow
37:20 Imperial Age
35:41 Bodkin Arrow
36:01 Leather Archer Armor
36:02 Town Watch
37:50 Wheelbarrow
38:17 Ballistics
39:21 Bracer
41:42 Hand Cart
41:55 Scale Barding Armor
42:25 Iron Casting
FernandoIV
0:37 Loom
12:02 Feudal Age
13:30 Double-Bit Axe
16:13 Horse Collar
18:58 Castle Age
17:52 Gold Mining
20:07 Eagle Warrior
20:48 Squires
21:57 Arson
22:15 Scale Mail Armor
24:55 Bow Saw
27:34 Chain Mail Armor
27:30 Forging
33:31 Iron Casting
38:44 Imperial Age
41:09 Blast Furnace
40:39 Plate Mail Armor
40:08 Elite Eagle Warrior
FM
5:16 Loom
11:46 Feudal Age
12:46 Double-Bit Axe
15:20 Castle Age
13:11 Horse Collar
15:40 Wheelbarrow
16:14 Heavy Plow
17:53 Bow Saw
23:16 Hand Cart
25:04 Gold Mining
25:05 Stone Mining
26:39 Stone Mining
27:24 Gold Shaft Mining
26:42 Town Watch
27:17 Fervor
30:09 Imperial Age
28:54 Gold Shaft Mining
28:54 Stone Shaft Mining
30:10 Scale Barding Armor
30:16 Forging
31:23 Chain Barding Armor
32:18 Chemistry
31:01 Treadmill Crane
32:23 Chemistry
32:37 Two-Man Saw
32:08 Crop Rotation
32:19 Iron Casting
32:01 Bloodlines
31:51 Husbandry
31:12 Elite Steppe Lancer
33:37 Plate Barding Armor
35:32 Blast Furnace
36:28 Ballistics
36:00 Fletching
36:22 Siege Engineers
36:27 Masonry
37:29 Conscription
40:10 Light Cavalry
41:37 Hussar
Connection lost

Rejoining the realm…

Still unreachable

The connection could not be restored.

Session expired

The server has moved on; the page needs a fresh start.